 Dungeon Crawl Stone Soup version 0.28.0-43-g3370ac3207 (webtiles) character file.

Game seed: 13362047348032484572

60 cbfl8 the Skirmisher (level 3, 0/34 HPs)
             Began as a Minotaur Berserker on Mar 12, 2022.
             Was a Follower of Trog.
             Slain by a gnoll
             ... wielding a +0 whip of pain
              (8 damage)
             ... on level 2 of the Dungeon.
             The game lasted 00:01:11 (1685 turns).

cbfl8 the Skirmisher (Minotaur Berserker)           Turns: 1685, Time: 00:01:13

Health: 0/34       AC:  2    Str: 21    XL:     3   Next: 80%
Magic:  2/2        EV: 12    Int:  4    God:    Trog [*.....]
Gold:   55         SH:  0    Dex: 11    Spells: 2/2 levels left

rFire   . . .      SeeInvis .   a - +0 hand axe
rCold   . . .      Faith    .   (no shield)
rNeg    . . .      Spirit   .   b - +0 animal skin
rPois   .          Reflect  .   (helmet restricted)
rElec   .          Harm     .   (no cloak)
rCorr   .          Rampage  .   (no gloves)
Will    .....                   (no boots)
Stlth   +.........              (no amulet)
HPRegen 0.11/turn               (no ring)
MPRegen 0.08/turn               (no ring)

@: no status effects
A: horns 2, retaliatory headbutt
a: Renounce Religion, Berserk


You were on level 2 of the Dungeon.
You worshipped Trog.
Trog was aware of your devotion.
You visited 1 branch of the dungeon, and saw 2 of its levels.

You collected 55 gold pieces.

Inventory:

Hand Weapons
 a - a +0 hand axe (weapon)
Armour
 b - a +0 animal skin (worn)
Scrolls
 c - 4 scrolls of teleportation {unknown}
 d - a scroll of fog {unknown}
Potions
 e - a potion of mutation {unknown}
 f - a potion of heal wounds {unknown}


   Skills:
 + Level 4.5 Fighting
 + Level 4.4 Axes
 + Level 2.8 Armour
 + Level 2.6 Dodging
 + Level 0.2 Stealth


You had 2 spell levels left.
You didn't know any spells.
Your spell library was empty.

Dungeon Overview and Level Annotations

Branches:
Dungeon (2/15)

Altars:


Innate Abilities, Weirdness & Mutations

You have a pair of horns on your head.
You reflexively headbutt those who attack you in melee.


Message History

A goblin is nearby!
A gnoll comes into view. It is wielding a +0 club.
The goblin misses you.
You hit the goblin. Your headbutt misses the goblin.
The goblin is severely wounded.
The goblin misses you.
You closely miss the goblin.
The goblin is severely wounded.
The goblin hits you with a +0 dagger.
You hit the goblin.
You kill the goblin!
Trog accepts your kill.
You hit the gnoll. The gnoll hits you with a +0 club. The gnoll misses you.
You see here a +0 dagger.
You hit the gnoll. You headbutt the gnoll.
You kill the gnoll!
Trog accepts your kill.
Things that are here:
a +0 club; a gnoll corpse A gnoll comes into view.
It is wielding a +0 whip of pain.
The gnoll shouts!
You see here a +0 dagger.
You closely miss the gnoll.
The gnoll hits you with a +0 whip of pain.
You closely miss the gnoll. The gnoll closely misses you.
You completely miss the gnoll.
The gnoll hits you with a +0 whip of pain.
You writhe in agony.
You barely miss the gnoll. You headbutt the gnoll!
The gnoll is severely wounded.
The gnoll hits you with a +0 whip of pain.
You hit the gnoll.
The gnoll is severely wounded.
The gnoll hits you with a +0 whip of pain.
* * * LOW HITPOINT WARNING * * *
You writhe in agony.
* * * LOW HITPOINT WARNING * * *
The gnoll hits you with a +0 whip of pain!
You die...

.. #.# ##.#.## #....g..g..
## #.#####....##
#.##†####.# #.#.........#
#.......... #.#.###..#..#
#..#....... #.# #..#..#
##..##...†. #.#.###.>#..#
#..#.#.... .........#).#
#...#.##..
..........).######....##.#.
.###.###.#@g..........#.#.#
#. #.#..#####......#.## .
....... #.......# . .
#####.### ... .# ##


You could see a gnoll.

Vanquished Creatures
  3 gnolls
  An adder (D:2)
  3 ball pythons
  A bat (D:1)
  2 endoplasms (D:1)
  A giant cockroach (D:2)
  2 goblins (D:2)
  A hobgoblin (D:1)
  2 quokkas (D:1)
  2 frilled lizards (D:1)
  A kobold (D:2)
  5 rats
24 creatures vanquished.

Notes
Turn   | Place    | Note
-------+----------+-------------------------------------------
     0 | D:1      | cbfl8 the Minotaur Berserker began the quest for the Orb.
     0 | D:1      | Reached XP level 1. HP: 19/19 MP: 0/0
   248 | D:1      | Reached XP level 2. HP: 11/27 MP: 1/1
  1226 | D:2      | Reached XP level 3. HP: 11/34 MP: 2/2
  1685 | D:2      | Slain by a gnoll

Illustrated notes

Levels and vault maps discovered:
D:1:      dpeg_arrival_oval, layout_basic
D:2:      layout_loops_ring, shapermc_ecumenical_altar_flowoftime,
          minmay_misc_feat_secret_circle, minmay_pentomino_u4

Skill      XL: |  1 |
---------------+----+-----
Fighting       | 4 |  4.5
Axes           | 4 |  4.4
Armour         | |  2.8
Dodging        | |  2.6
Stealth        | |  0.2

Action                   || total
-------------------------++-------
Melee: Hand axe          ||    57
       Headbutt          ||     7
       Punch             ||     1
Armor: Animal skin       ||    10
Dodge: Dodged            ||    36
